 Dungeon Crawl Stone Soup version 0.26-a0-466-g989023bd0d (webtiles) character file.

Game seed: 14531249237120292281

204 night the Chiller (level 5, -2/38 HPs)
             Began as a Draconian Ice Elementalist on Aug 5, 2020.
             Slain by Grinder (9 damage)
             ... on level 4 of the Dungeon.
             The game lasted 00:06:57 (3565 turns).

night the Chiller (Draconian Ice Elementalist)      Turns: 3565, Time: 00:06:58

Health: -2/38      AC:  5    Str: 10    XL:     5   Next: 52%
Magic:  3/10       EV: 12    Int: 16    God:
Gold:   160        SH:  0    Dex: 12    Spells: 3/10 levels left

rFire    . . .     SeeInvis .   i - +2 dagger (elec)
rCold    . . .     Faith    .   (no shield)
rNeg     . . .     Spirit   .   (armour unavailable)
rPois    .         Reflect  .   (helmet restricted)
rElec    .         Harm     .   (no cloak)
rCorr    .                      (no gloves)
MR       .....                  (no boots)
Stlth    ++........             (no amulet)
HPRegen  0.12/turn              (no ring)
MPRegen  0.12/turn              (no ring)

@: frozen ramparts, very slightly contaminated
A: unfitting armour, cold-blooded, AC +5
a: no special abilities


You were on level 4 of the Dungeon.
You visited 1 branch of the dungeon, and saw 4 of its levels.

You collected 160 gold pieces.

Inventory:

Hand Weapons
 h - a +0 short sword
 i - a +2 dagger of electrocution (weapon)
Missiles
 q - 8 poisoned darts (quivered)
Scrolls
 c - 3 scrolls of remove curse {unknown}
 d - 2 scrolls of blinking {unknown}
 e - 5 scrolls of identify {unknown}
 f - 4 scrolls of amnesia {unknown}
 j - 2 scrolls of teleportation {unknown}
 k - a scroll of immolation {unknown}
 l - a scroll of noise {unknown}
 m - a scroll of fear {unknown}
Potions
 a - a potion of degeneration {unknown}
 b - a potion of heal wounds {unknown}
 g - a potion of invisibility {unknown}
 n - a potion of mutation {unknown}
 o - a potion of curing {unknown}
 p - a potion of haste {unknown}


   Skills:
 - Level 1.7 Dodging
 - Level 1.7 Stealth
 - Level 0.1 Unarmed Combat
 + Level 3.3 Spellcasting
 * Level 6.1 Ice Magic


You had 3 spell levels left.
You knew the following spells:

 Your Spells              Type           Power        Failure   Level
a - Freeze                Ice            ###.         1%          1
b - Frozen Ramparts       Ice            ###...       4%          3
c - Ozocubu's Armour      Ice            ###.....     4%          3

Your spell library contained the following spells:

 Spells                   Type           Power        Failure   Level
 Confusing Touch          Hex            #.......     47%         3
 Gell's Gravitas          Tloc           #.........   47%         3
 Hailstorm                Conj/Ice       ##......     45%         4
 Summon Ice Beast         Ice/Summ       ##......     45%         4
 Metabolic Englaciation   Hex/Ice        ##........   82%         5
 Petrify                  Tmut/Erth      #.......     87%         4
 Yara's Violent Unravell  Hex/Tmut       #.........   99%         5


Dungeon Overview and Level Annotations

Branches:
Dungeon (4/15)
 Temple: D:4-7

Altars:
Hepliaklqana
Trog
Xom

Annotations:
D:4 Grinder


Innate Abilities, Weirdness & Mutations

Your plain brown scales are hard. (AC +5)
You cannot fit into any form of body armour.
You are cold-blooded and may be slowed by cold attacks.


Message History

Grinder completely resists.
You freeze Grinder but do no damage.
Grinder resists.
The wall freezes Grinder.
Grinder hits you!
You writhe in agony.
Grinder completely resists.
The wall freezes Grinder but do no damage.
Grinder gestures at you.
You suddenly lose the ability to move!
Grinder completely resists.
The wall freezes Grinder but do no damage.
Grinder resists.
The wall freezes Grinder.
Grinder hits you!
* * * LOW HITPOINT WARNING * * *
Grinder completely resists.
The wall freezes Grinder but do no damage.
Grinder says, "Don't move a muscle."
Grinder hits you but does no damage.
You can move again.
Grinder resists.
The wall freezes Grinder.
Grinder completely resists.
The wall freezes Grinder but do no damage.
Grinder hits you!
You die...

####+####
#.......#
#!8...8.#
#.......#
#.8...8.#
#.......#
#.8...8.#
#..5@...#
#########


You could see Grinder.

Vanquished Creatures
  Robin (D:3)
  7 adders
  3 gnolls (D:3)
  An adder skeleton (D:4)
  3 worms
  2 dart slugs
  A leopard gecko (D:1)
  An orc (D:3)
  A giant cockroach (D:1)
  17 goblins
  10 hobgoblins
  10 jackals
  12 kobolds
  6 bats
  5 frilled lizards
  3 rats
83 creatures vanquished.

Notes
Turn   | Place    | Note
-------+----------+-------------------------------------------
     0 | D:1      | night the Draconian Ice Elementalist began the quest for
                  | the Orb.
     0 | D:1      | Reached XP level 1. HP: 14/14 MP: 3/3
   189 | D:1      | Reached XP level 2. HP: 20/20 MP: 0/5
   789 | D:1      | Reached XP level 3. HP: 25/26 MP: 4/6
  1228 | D:2      | Reached skill level 5 in Ice Magic
  1269 | D:2      | Learned a level 3 spell: Frozen Ramparts
  1419 | D:2      | Reached XP level 4. HP: 33/33 MP: 4/8
  2253 | D:3      | Reached XP level 5. HP: 38/38 MP: 6/9
  2258 | D:3      | Learned a level 3 spell: Ozocubu's Armour
  2295 | D:3      | Found a shimmering altar of Xom.
  2296 | D:3      | Found a hazy altar of Hepliaklqana.
  2297 | D:3      | Noticed a spectral ugly thing
  2914 | D:3      | Noticed Robin
  2927 | D:3      | Killed Robin
  2930 | D:3      | Reached skill level 6 in Ice Magic
  3416 | D:3      | Found a bloodstained altar of Trog.
  3553 | D:4      | Noticed Grinder
  3560 | D:4      | Paralysed by Grinder for 5 turns
  3565 | D:4      | Slain by Grinder

Illustrated notes

Levels and vault maps discovered:
D:1:      psy_arrival_spokes, layout_basic, minmay_splitting_lines
D:2:      layout_basic
D:3:      layout_loops_corners, regret_index_temple_of_mockery,
          trog_hazing_becter, uniq_robin
D:4:      cheibrodos_pilgrimage, layout_loops_ring, grunt_ministairs_3,
          serial_bayou_pond_e, uniq_grinder

Skill      XL: |  1  2  3  4  5 |
---------------+----------------+-----
Ice Magic      | 5 6 |  6.1
Spellcasting   | 3 |  3.3
Dodging        | |  1.7
Stealth        | |  1.7
Unarmed Combat | |  0.1

Action                   |  1- 3 |  4- 6 || total
-------------------------+-------+-------++-------
Melee: Unarmed           |    18 |       ||    18
       Tailslap          |     3 |     5 ||     8
       Dagger            |    19 |    67 ||    86
       Short sword       |     8 |       ||     8
 Cast: Freeze            |    41 |    16 ||    57
       Frozen Ramparts   |       |    13 ||    13
 Stab: Sleeping          |     1 |     3 ||     4
Armor: Skin              |    28 |    23 ||    51
Dodge: Dodged            |    48 |    66 ||   114

Table legend: (Time is in decaauts)
 A = Elapsed time spent in this place.
 B = Non-inter-level travel time spent in this place.
 C = Inter-level travel time spent in this place.
 D = Time resting spent in this place.
 E = Time spent auto-exploring this place.
 F = Levels seen in this place.
 G = Mean time per level.
                   A        B        C        D        E       F      G
               +--------+--------+--------+--------+--------+-----+--------+
         Total |   3566 |   3463 |    103 |    768 |   2100 |   4 |  891.5 |
       Dungeon |   3566 |   3463 |    103 |    768 |   2100 |   4 |  891.5 |
               +--------+--------+--------+--------+--------+-----+--------+

Top non-repeatable levels by time:
     D:3: 1562 daAuts
     D:2: 1107 daAuts
     D:1: 885 daAuts
     D:4: 11 daAuts
